 Dungeon Crawl Stone Soup version 0.21.0-22-g11d5b5247c (webtiles) character file.

72 JamesBald the Skirmisher (level 4, -6/41 HPs)
             Began as a Hill Orc Berserker on Jan 19, 2018.
             Was a Believer of Trog.
             Mangled by moonpresence's ghost (12 damage)
             ... on level 3 of the Dungeon.
             The game lasted 00:07:28 (2059 turns).

JamesBald the Skirmisher (Hill Orc Berserker)       Turns: 2059, Time: 00:07:29

Health: -6/41      AC:  7    Str: 20    XL:     4   Next: 25%
Magic:  4/4        EV: 10    Int:  7    God:    Trog [**....]
Gold:   69         SH:  0    Dex: 10    Spells: 3/3 levels left

rFire    . . .     SeeInvis .   a - +0 falchion
rCold    . . .     Gourm    .   (no shield)
rNeg     . . .     Faith    .   n - +0 scale mail
rPois    .         Spirit   .   (no helmet)
rElec    .         Reflect  .   e - +0 cloak
rCorr    .         Harm     .   (no gloves)
MR       .....                  (no boots)
Stlth    ..........             (no amulet)
HPRegen  0.13/turn              (no ring)
MPRegen  0.09/turn              (no ring)

@: berserk cooldown, slowed, very slow
A: no striking features
a: Berserk, Trog's Hand, Burn Spellbooks, Renounce Religion


You were on level 3 of the Dungeon.
You worshipped Trog.
Trog was pleased with you.
You were very hungry.

You visited 1 branch of the dungeon, and saw 3 of its levels.

You collected 69 gold pieces.

Inventory:

Hand Weapons
 a - a +0 falchion (weapon)
 o - a +0 hand axe
Armour
 b - a +0 animal skin
 e - a +0 cloak (worn)
 j - a +0 leather armour
 n - a +0 scale mail (worn)
Scrolls
 c - a scroll of remove curse {unknown}
 d - 2 scrolls of teleportation {unknown}
 h - a scroll of fear {unknown}
 k - a scroll of enchant armour {unknown}
 p - 2 scrolls of identify {unknown}
 q - a scroll of fog {unknown}
 r - a scroll of immolation {unknown}
Potions
 f - 2 potions of curing {unknown}
 g - a potion of heal wounds {unknown}
 i - a potion of mutation {unknown}
 m - 2 potions of might {unknown}
Books
 s - a book of Cantrips

   Spells                             Type                      Level
   a - Confusing Touch                Hexes                        1
   b - Animate Skeleton               Necromancy                   1
   c - Summon Small Mammal            Summoning                    1
   d - Apportation                    Translocation                1
   Trog disapproves of the use of such an item.
Comestibles
 l - 2 rations


   Skills:
 + Level 4.4 Fighting
 + Level 4.2 Long Blades
 + Level 2.7 Armour
 + Level 1.9 Dodging
 + Level 0.3 Stealth


You had 3 spell levels left.
You didn't know any spells.

Dungeon Overview and Level Annotations

Branches:
Dungeon (3/15)

Altars:
Gozag
Okawaru
The Shining One

Annotations:
D:3 moonpresence's ghost, amateur HOFi


Message History

You hit moonpresence's ghost.
Moonpresence's ghost is severely damaged.
Moonpresence's ghost hits you!
* * * LOW HITPOINT WARNING * * *
You closely miss moonpresence's ghost.
Moonpresence's ghost is heavily damaged.
You slash moonpresence's ghost!
Moonpresence's ghost is severely damaged.
Moonpresence's ghost whispers, "There is no future for you."
Moonpresence's ghost hits you!
* * * LOW HITPOINT WARNING * * *
You feel a strong urge to attack something.
You are no longer berserk.
You are exhausted.
You feel yourself slow down.
Moonpresence's ghost shrieks, "What do you have that I didn't have?"
Moonpresence's ghost hits you but does no damage.
Unknown command.
Moonpresence's ghost hits you!
You die...

#..# #. .# #.<#
#.
....###..######
#. #...........#
#. #####..#.....
#. #<.# #### #.
#..#.#
#.#########....#
#.@W.........#.#
##############.#
. .#


You could see moonpresence's ghost.

Vanquished Creatures
  An adder (D:2)
  3 worms (D:2)
  A leopard gecko (D:1)
  3 ball pythons (D:2)
  A bat (D:1)
  5 giant cockroaches
  8 goblins
  3 hobgoblins
  4 jackals
  10 kobolds
  A quokka (D:2)
  3 frilled lizards (D:2)
  3 rats
46 creatures vanquished.

Notes
Turn   | Place    | Note
-------+----------+-------------------------------------------
     0 | D:1      | JamesBald the Hill Orc Berserker began the quest for the Orb.
     0 | D:1      | Reached XP level 1. HP: 19/19 MP: 1/1
   217 | D:1      | Reached XP level 2. HP: 27/27 MP: 2/2
   456 | D:1      | Reached XP level 3. HP: 11/33 MP: 3/3
  1027 | D:2      | Found an opulent altar of Gozag.
  1637 | D:2      | Reached ** piety under Trog
  1637 | D:2      | Reached XP level 4. HP: 40/41 MP: 4/4
  1903 | D:2      | Found an iron altar of Okawaru.
  1922 | D:2      | Found a glowing golden altar of the Shining One.
  2033 | D:3      | Noticed moonpresence's ghost (amateur HOFi)
  2059 | D:3      | Mangled by moonpresence's ghost

Skill      XL: |  1  2  3 |
---------------+----------+-----
Fighting       | 4 |  4.4
Long Blades    | 4 |  4.2
Armour         | |  2.7
Dodging        | |  1.9
Stealth        | |  0.3

Action                   |  1- 3 |  4- 6 || total
-------------------------+-------+-------++-------
Melee: Falchion          |    89 |    31 ||   120
Invok: Berserk           |       |     1 ||     1
  Eat: Ration            |     1 |       ||     1
Armor: Animal skin       |    14 |       ||    14
       Scale mail        |    12 |    17 ||    29
       Leather armour    |     3 |       ||     3
Dodge: Dodged            |    63 |    29 ||    92
       Rpst.: Falchion   |    31 |     5 ||    36
